 Dungeon Crawl Stone Soup version 0.26-a0-958-gf3041fb45f (webtiles) character file.

Game seed: 4334392145727894686

457 streetpizza the Ruffian (level 6, 0/61 HPs)
             Began as a Troll Hunter on Nov 30, 2020.
             Slain by Pikel
             ... wielding a +0 whip of flaming
              (2 damage)
             ... on level 4 of the Dungeon.
             The game lasted 00:11:16 (2374 turns).

streetpizza the Ruffian (Troll Hunter)              Turns: 2374, Time: 00:11:17

Health: 0/61       AC:  7    Str: 21    XL:     6   Next: 77%
Magic:  5/5        EV: 11    Int:  7    God:
Gold:   187        SH:  5    Dex: 18    Spells: 5/5 levels left

rFire    . . .     SeeInvis .     - Unarmed
rCold    . . .     Faith    .   (no shield)
rNeg     . . .     Spirit   .   b - +0 robe
rPois    .         Reflect  +   (helmet restricted)
rElec    .         Harm     .   w - +0 cloak
rCorr    +         Rampage  .   (gloves unavailable)
MR       .....                  (boots unavailable)
Stlth    ++........             s - amulet of reflection
HPRegen  0.60/turn              v - ring of resist corrosion
MPRegen  0.09/turn              x - +6 ring of dexterity

@: no status effects
A: large, unfitting armour, claws 3, regeneration 1, shaggy fur 1, tough skin 3
a: no special abilities


You were on level 4 of the Dungeon.
You visited 1 branch of the dungeon, and saw 4 of its levels.

You collected 187 gold pieces.

Inventory:

Missiles
 c - 5 large rocks (quivered)
 d - 2 throwing nets
Armour
 b - a +0 robe (worn)
 w - a +0 cloak (worn)
Jewellery
 s - an amulet of reflection (around neck)
 v - a ring of resist corrosion (left claw)
 x - a +6 ring of dexterity (right claw)
 z - an uncursed amulet of faith
Wands
 A - a wand of iceblast (3)
Scrolls
 a - 4 scrolls of remove curse {unknown}
 e - 6 scrolls of identify {unknown}
 f - 2 scrolls of magic mapping {unknown}
 g - 2 scrolls of blinking {unknown}
 i - 2 scrolls of fog {unknown}
 k - 2 scrolls of enchant armour {unknown}
 l - a scroll of fear {unknown}
 m - a scroll of amnesia {unknown}
 u - a scroll of enchant weapon {unknown}
 y - 2 scrolls of random uselessness {unknown}
Potions
 h - 4 potions of curing {unknown}
 j - a potion of mutation {unknown}
 n - 3 potions of might {unknown}
 o - a potion of haste {unknown}
 p - 2 potions of berserk rage {unknown}
 q - a potion of lignification {unknown}
 r - a potion of magic {unknown}
 t - a potion of cancellation {unknown}
 B - a potion of degeneration {unknown}


   Skills:
 + Level 3.2 Fighting
 - Level 3.6 Throwing
 + Level 3.2 Dodging
 - Level 0.3 Stealth
 * Level 4.8 Unarmed Combat


You had 5 spell levels left.
You didn't know any spells.
Your spell library contained the following spells:

 Spells                   Type           Power        Failure   Level
 Confusing Touch          Hex            #.......     80%         3
 Gell's Gravitas          Tloc           #.........   80%         3
 Petrify                  Tmut/Erth      #.......     99%         4
 Metabolic Englaciation   Hex/Ice        #.........   100%        5
 Yara's Violent Unravell  Hex/Tmut       #.........   100%        5


Dungeon Overview and Level Annotations

Branches:
Dungeon (4/15)
 Temple: D:4-7

Altars:
Ashenzari
Kikubaaqudgha

Annotations:
D:4 Pikel


Innate Abilities, Weirdness & Mutations

You are too large for most types of armour.
You have claws for hands.
Your natural rate of healing is unusually fast.
You are covered in fur. (AC +1)
You have extremely tough skin. (AC +3)


Message History

Pikel is severely wounded.
You block Pikel's attack. You block the lemure's attack.
You closely miss Pikel.
Pikel is severely wounded.
Pikel barely misses you. The lemure hits you.
* * * LOW HITPOINT WARNING * * *
You barely miss Pikel.
Pikel is severely wounded.
Pikel hits you with a +0 whip of flaming.
* * * LOW HITPOINT WARNING * * *
Pikel burns you.
* * * LOW HITPOINT WARNING * * *
The lemure hits you.
* * * LOW HITPOINT WARNING * * *
You closely miss Pikel.
Pikel is severely wounded.
Pikel hits you with a +0 whip of flaming!
* * * LOW HITPOINT WARNING * * *
Pikel burns you.
You die...

################
#........<55....
#.#####.#############K
#..........# #. #
######.###.#### #5 #
$#######5.......# #. .
.!.Z55K@.<##.##.# ## ######
#########.##.##.###
.#...###########...........#
.).#.)())).......#.##.##.#.#
.#...#############.#...#.#.#
###### #...^...#.###### #
###.>.#......†.K.. #
#...#####....##### #
#.#>..#......#


You could see Pikel, 3 lemures and a howler monkey skeleton.

Vanquished Creatures
  Duvessa (D:4)
  A phantom (D:4)
  An ogre (D:4)
  A lemure (D:4)
  Ijyb (D:4)
  Natasha (D:4)
  A worker ant zombie (D:2)
  2 adders
  2 adder skeletons (D:2)
  2 worms (D:3)
  A dart slug (D:3)
  4 leopard geckos
  14 orcs
  A bat zombie (D:2)
  3 giant cockroaches
  3 goblins
  10 hobgoblins
  8 jackals
  5 kobolds
  3 quokkas
  5 bats
  A frilled lizard (D:2)
  A jackal skeleton (D:2)
  4 rats
76 creatures vanquished.

Notes
Turn   | Place    | Note
-------+----------+-------------------------------------------
     0 | D:1      | streetpizza the Troll Hunter began the quest for the Orb.
     0 | D:1      | Reached XP level 1. HP: 19/19 MP: 0/0
   127 | D:1      | Reached skill level 1 in Unarmed Combat
   205 | D:1      | Reached XP level 2. HP: 24/28 MP: 1/1
   583 | D:2      | Reached XP level 3. HP: 35/35 MP: 2/2
   798 | D:2      | Reached skill level 2 in Unarmed Combat
  1425 | D:3      | Reached XP level 4. HP: 34/42 MP: 3/3
  1597 | D:3      | Found an ancient bone altar of Kikubaaqudgha.
  1796 | D:4      | Reached skill level 3 in Unarmed Combat
  1830 | D:4      | Noticed Natasha
  1831 | D:4      | Noticed an ogre
  1833 | D:4      | Killed Natasha
  1836 | D:4      | Found a broken altar of Ashenzari.
  1856 | D:4      | Killed an ogre
  1857 | D:4      | Reached XP level 5. HP: 32/50 MP: 4/4
  1894 | D:4      | Noticed Pikel
  1894 | D:4      | Noticed a lemure
  1894 | D:4      | Noticed a lemure
  1894 | D:4      | Noticed a lemure
  1894 | D:4      | Noticed a lemure
  2023 | D:4      | Noticed Duvessa
  2040 | D:4      | Noticed a phantom
  2051 | D:4      | Killed Duvessa
  2052 | D:4      | Reached skill level 4 in Unarmed Combat
  2052 | D:4      | Reached XP level 6. HP: 54/61 MP: 5/5
  2155 | D:4      | Noticed Ijyb
  2169 | D:4      | Killed Ijyb
  2374 | D:4      | HP: 2/61 [Pikel/+0 whip of flaming (8)]
  2374 | D:4      | Slain by Pikel

Illustrated notes

Levels and vault maps discovered:
D:1:      dpeg_arrival_radiant, layout_rooms
D:2:      layout_basic, serial_undead, serial_undead_e, serial_undead_a,
          serial_undead_a, serial_undead_f, serial_undead_d
D:3:      layout_rooms, lemuel_crystal_altar
D:4:      layout_loops_ring, nicolae_ashenzari_panopticon, uniq_natasha,
          uniq_ijyb, uniq_duvessa, uniq_pikel

Skill      XL: |  1  2  3  4  5 |
---------------+----------------+-----
Unarmed Combat | 1 2 3 4 |  4.8
Fighting       | 2 3 |  3.2
Dodging        | 2 3 |  3.2
Throwing       | |  3.6
Stealth        | |  0.3

Action                   |  1- 3 |  4- 6 || total
-------------------------+-------+-------++-------
Melee: Unarmed           |   112 |   143 ||   255
       Punch             |       |     2 ||     2
 Stab: Sleeping          |     2 |     1 ||     3
Armor: Robe              |    44 |    29 ||    73
Dodge: Dodged            |    59 |    51 ||   110
Block: Other             |       |    17 ||    17
       Reflection        |       |     1 ||     1

Table legend: (Time is in decaauts)
 A = Elapsed time spent in this place.
 B = Non-inter-level travel time spent in this place.
 C = Inter-level travel time spent in this place.
 D = Time resting spent in this place.
 E = Time spent auto-exploring this place.
 F = Levels seen in this place.
 G = Mean time per level.
                   A        B        C        D        E       F      G
               +--------+--------+--------+--------+--------+-----+--------+
         Total |   2362 |   2278 |     84 |     37 |   1487 |   4 |  590.5 |
       Dungeon |   2362 |   2278 |     84 |     37 |   1487 |   4 |  590.5 |
               +--------+--------+--------+--------+--------+-----+--------+

Top non-repeatable levels by time:
     D:2: 758 daAuts
     D:3: 607 daAuts
     D:4: 530 daAuts
     D:1: 465 daAuts
